 Dungeon Crawl Stone Soup version 0.30-a0-883-g5ad918d77d (webtiles) character file.

Game seed: 2326091303318977794

366 Sanktem7 the Chopper (level 6, -9/56 HPs)
             Began as a Minotaur Fighter on Mar 16, 2023.
             Mangled by a gnoll sergeant
             ... wielding a +0 trident
              (10 damage)
             ... on level 4 of the Dungeon.
             The game lasted 00:04:49 (2200 turns).

Sanktem7 the Chopper (Minotaur Fighter)             Turns: 2200, Time: 00:04:50

Health: -9/56      AC: 14    Str: 22    XL:     6   Next: 40%
Magic:  5/5        EV:  6    Int:  5    God:
Gold:   157        SH:  5    Dex: 10    Spells: 5/5 levels left

rFire   . . .      SeeInvis .    a - +0 war axe {axe}
rCold   . . .      Faith    .    c - +0 buckler
rNeg    . . .      Spirit   .    q - +0 plate armour
rPois   .          Reflect  .    n - +1 hat
rElec   .          Rampage  .    (no cloak)
rCorr   .                        (no gloves)
Will    .....                    i - +0 pair of boots Stlth
                                 (no amulet)
HPRegen 0.29/turn                (no ring)
MPRegen 0.09/turn                (no ring)

@: no status effects
A: horns 2, retaliatory headbutt
a: no special abilities


You were on level 4 of the Dungeon.
You visited 1 branch of the dungeon, and saw 3 of its levels.
You also visited: Sewer.

You collected 175 gold pieces.
You spent 18 gold pieces at shops.


Innate Abilities, Weirdness & Mutations

You have a pair of horns on your head.
You reflexively headbutt those who attack you in melee.


   Skills:
 + Level 5.0 Fighting
 * Level 5.4 Axes
 + Level 5.1 Armour
 + Level 5.0 Shields


You had 5 spell levels left.
You didn't know any spells.
Your spell library was empty.

Inventory:

Hand Weapons
 a - a +0 war axe (weapon) {axe}
 b - a +1 whip of pain {mace}
   (You took it off a gnoll on level 2 of the Dungeon)
 l - a +3 whip {mace}
   (You found it on level 2 of the Dungeon)
Missiles
 f - 9 stones (quivered) {throwing}
 p - 3 poisoned darts {throwing}
Armour
 c - a +0 buckler (worn)
 i - a +0 pair of boots (worn)
   (You found it on level 2 of the Dungeon)
 n - a +1 hat (worn)
   (You found it on level 2 of the Dungeon)
 q - a +0 plate armour (worn)
   (You found it in a sewer)
Jewellery
 j - a ring of fire
   (You found it in a sewer)
Scrolls
 e - a scroll of vulnerability {unknown}
 g - 6 scrolls of identify {@r1}
 h - 2 scrolls of teleportation {unknown}
 o - a scroll of enchant weapon {unknown}
 r - a scroll of blinking {!r}
 s - a scroll of fog {unknown}
Potions
 d - a potion of might
 k - a potion of mutation {unknown}
 m - a potion of curing {unknown}
 t - 2 potions of flight {unknown}

Dungeon Overview and Level Annotations

Branches:
Dungeon (4/15) Zot: 16070   Sewer (visited)
 Temple: D:4-7

Altars:

Shops:
D:4

*
.#.#†###.......#####..###..######
......##.......#####..#....#
......###..................#
...#.## ##.................#
...### ##.#.#.........##.# ...#
###.####....####'# ..##
#............... .....+
######.##.##....# .###.#
#.#.@..##.# ..# .# # # #.#.#####.
... ##.#.#g# .#.. #..#.#g####
.#.#. #..g.gg...# .. #
#g.)...##.# #.....## .. #...>##
..# #..### .#


You could see a gnoll sergeant and 3 gnolls.


Message History

No target in view!
No target in view!
No target in view!
No target in view!
Found a stone staircase leading down.
Things that are here:
a +0 dagger {short}; a goblin corpse A gnoll sergeant and a gnoll come into view.
The gnoll shouts!
You hear a shout!
A gnoll comes into view. It is wielding a +0 halberd of venom.
There are monsters nearby!
A gnoll comes into view. It is wielding a +0 spear.
The gnoll shouts! x2; You hear a shout!
A gnoll comes into view. It is wielding a +0 spear.
You block the gnoll's attack. The gnoll hits you but does no damage.
The gnoll hits you from afar with a +0 halberd. 😕 HP[-3]
You take 3 damage, and now have 53/56 hp.
You barely miss the gnoll sergeant. You hit the gnoll.
A hound comes into view.
The gnoll closely misses you.
A gnoll comes into view. It is wielding a +0 flail.
The gnoll hits you from afar with a +0 halberd.
The gnoll barely misses you. The gnoll hits you but does no damage.
The gnoll sergeant barely misses you. The gnoll barely misses you.
The gnoll hits you from afar with a +0 halberd. 😕 HP[-9]
You take 9 damage, and now have 44/56 hp.
The gnoll shouts!
The hound barks!
You slash the gnoll!
You kill the gnoll!
You hit the gnoll sergeant but do no damage.
The gnoll hits you from afar with a +0 halberd of venom.
You are poisoned.
The gnoll hits you but does no damage. You block the gnoll's attack.
The gnoll sergeant hits you with a +0 trident. 😮 HP[-5]
You take 5 damage, and now have 39/56 hp.
You hit the gnoll sergeant.
Your headbutt misses the gnoll sergeant.
You feel very sick. You block the gnoll's attack.
The gnoll hits you but does no damage. x2
The gnoll sergeant hits you with a +0 trident. 😮 HP[-9]
You take 9 damage, and now have 30/56 hp.
You hit the gnoll sergeant.
You feel sick. The gnoll hits you but does no damage.
You are more poisoned.
The gnoll hits you but does no damage. The gnoll closely misses you.
You block the gnoll sergeant's attack. 😮 HP[-1]
You take 1 damage, and now have 29/56 hp.
The hound attacks as you move away! The hound bites you but does no damage.
The gnoll sergeant attacks as you move away!
The gnoll sergeant hits you with a +0 trident.
* * * LOW HITPOINT WARNING * * *
You feel very sick.
The gnoll sergeant hits you from afar with a +0 trident.
* * * LOW HITPOINT WARNING * * *
😨 HP[-10]
You take 10 damage, and now have 19/56 hp.
You feel very sick.
The hound bites you but does no damage. 😨 HP[-3]
You take 3 damage, and now have 16/56 hp.
You feel very sick. 😱 HP[-2]
You take 2 damage, and now have 14/56 hp.
The hound attacks as you move away! You block the hound's attack.
You feel sick. The hound barely misses you. 😱 HP[-2]
You take 2 damage, and now have 12/56 hp.
The hound attacks as you move away! The hound bites you but does no damage.
You feel sick.
Things that are here:
a +0 dagger {short}; a goblin corpse; 😱 HP[-1]
You take 1 damage, and now have 11/56 hp.
You hit the hound but do no damage. You headbutt the hound.
You feel sick. The hound barely misses you.
The hound bites you but does no damage.
The gnoll sergeant hits you but does no damage. 😱 HP[-1]
You take 1 damage, and now have 10/56 hp.
You barely miss the hound.
You feel sick.
The hound bites you but does no damage. x2
The gnoll sergeant hits you but does no damage. 😱 HP[-1]
You take 1 damage, and now have 9/56 hp.
You miss the hound.
You feel sick. The hound bites you but does no damage.
The gnoll sergeant hits you from afar with a +0 trident.
* * * LOW HITPOINT WARNING * * *
The hound barely misses you. 😱 HP[-7]
You take 7 damage, and now have 2/56 hp.
You slash the hound!
You kill the hound!
* * * LOW HITPOINT WARNING * * *
You feel sick.
You are no longer poisoned.
The gnoll sergeant hits you from afar with a +0 trident!
You die...

Skill      XL: |  1  2  3  4  5  6 |
---------------+-------------------+-----
Axes           | 3 4 5 |  5.4
Armour         | 4 5 |  5.1
Shields        | 4 5 |  5.0
Fighting       | 4 5 |  5.0

Action                     |  1- 3 |  4- 6 || total
---------------------------+-------+-------++-------
  Melee: War axe           |    62 |   148 ||   210
         Headbutt          |    11 |    13 ||    24
 Armour: Scale mail        |    35 |    65 ||   100
         Plate armour      |       |    20 ||    20
  Dodge: Dodged            |    24 |    75 ||    99
  Block: Buckler           |    16 |    43 ||    59

Levels and vault maps discovered:
D:1:      saegor_arrival_miasma, layout_loops_cross,
          dreamdust_ecumenical_altar_grove, minivault_14
D:2:      layout_basic, chequers_arboretum, amcnicky_mini_pool_small
D:4:      layout_basic, nicolae_wu_jian_wuxing_cycle,
          grunt_temple_overflow_diamond, gup_sewer_entry_pipe,
          nicolae_shop_clearance, uniq_natasha, uniq_edmund

Notes
Turn   | Place    | Note
-------+----------+-------------------------------------------
     0 | D:1      | Sanktem7 the Minotaur Fighter began the quest for the Orb.
     0 | D:1      | Reached XP level 1. HP: 19/19 MP: 0/0
     0 | D:1      | magus.rc [v1.9.6]
    23 | D:1      | Found a faded altar of an unknown god.
   162 | D:1      | Reached XP level 2. HP: 23/27 MP: 1/1
   379 | D:1      | Reached skill level 3 in Axes
   766 | D:2      | Reached skill level 4 in Armour
   766 | D:2      | Reached skill level 4 in Shields
   766 | D:2      | Reached XP level 3. HP: 19/33 MP: 2/2
   784 | D:2      | Reached skill level 4 in Fighting
   871 | D:2      | Reached XP level 4. HP: 18/40 MP: 3/3
  1190 | D:2      | Reached skill level 4 in Axes
  1441 | D:2      | You fall into a shaft and drop 2 floors!
  1520 | D:4      | Found Kyiduf's CLEARANCE SALE!.
  1529 | D:4      | Bought 2 scrolls of identify for 12 gold pieces
  1529 | D:4      | Bought a scroll of identify for 6 gold pieces
  1580 | D:4      | Found a glowing drain.
  1594 | Sewer    | Entered a sewer
  1652 | Sewer    | Reached XP level 5. HP: 41/47 MP: 4/4
  1890 | Sewer    | Reached skill level 5 in Axes
  1890 | Sewer    | Reached XP level 6. HP: 15/55 MP: 5/5
  2045 | D:4      | Reached skill level 5 in Armour
  2051 | D:4      | Reached skill level 5 in Fighting
  2051 | D:4      | Reached skill level 5 in Shields
  2194 | D:4      | HP: 14/56 [poisoned by a gnoll]
  2199 | D:4      | HP: 8/56 [poisoned by a gnoll]
  2199 | D:4      | HP: 2/56 [gnoll sergeant/+0 trident (6)]
  2200 | D:4      | Mangled by a gnoll sergeant

Vanquished Creatures
  2 bullfrogs (Sewer)
  A scorpion (D:4)
  A hound (D:4)
  5 gnolls
  4 adders
  2 worms (D:2)
  3 dart slugs
  3 bats
  3 endoplasms
  12 giant cockroaches
  4 goblins
  6 hobgoblins
  2 jackals (D:1)
  12 quokkas
  9 ball pythons
  9 frilled lizards
  4 kobolds
  2 rats
84 creatures vanquished.

Vanquished Creatures (others)
  2 fungi (D:1)
  2 plants (D:1)
4 creatures vanquished.

Grand Total: 88 creatures vanquished

Table legend:
 A = Non-vault XP
 B = Vault XP
 C = Vault XP percentage of total XP
 D = Non-vault monster count
 E = Vault monster count
 F = Vault count percentage of total count
                 A         B        C        D         E       F
            +---------+---------+-------+---------+---------+-------
      Total |     299 |     264 |  46.9 |      49 |      35 |  41.7
            +---------+---------+-------+---------+---------+-------
        D:1 |      27 |       0 |   0.0 |      14 |       0 |   0.0
        D:2 |     111 |       0 |   0.0 |      24 |       0 |   0.0
        D:4 |     161 |      10 |   5.8 |      11 |       5 |  31.2
      Sewer |       0 |     254 | 100.0 |       0 |      30 | 100.0
            +---------+---------+-------+---------+---------+-------

Illustrated notes

Table legend:
 A = Kills in this place as a percentage of kills in the entire game.
 B = Kills by you in this place as a percentage of kills by you in the entire game.
 C = Kills by friends in this place as a percentage of kills by friends in the entire game.
 D = Other kills in this place as a percentage of other kills in the entire game.
 E = Experience gained in this place as a percentage of experience gained in the entire game.
 F = Experience gained in this place divided by the number of levels of this place that you have seen.
                   A       B       C       D       E      F
               +-------+-------+-------+-------+-------+----------------------
         Total | 100.0 | 100.0 |   N/A |   N/A | 100.0 | 140.8
       Dungeon |  64.3 |  64.3 |   N/A |   N/A |  54.9 | 103.0
         Sewer |  35.7 |  35.7 |   N/A |   N/A |  45.1 | 254.0
               +-------+-------+-------+-------+-------+----------------------

Table legend: (Time is in decaauts)
 A = Elapsed time spent in this place.
 B = Non-inter-level travel time spent in this place.
 C = Inter-level travel time spent in this place.
 D = Time resting spent in this place.
 E = Time spent auto-exploring this place.
 F = Levels seen in this place.
 G = Mean time per level.
                   A        B        C        D        E       F      G
               +--------+--------+--------+--------+--------+-----+--------+
         Total |   2324 |   2305 |     19 |    105 |   1510 |   4 |  581.0 |
       Dungeon |   1928 |   1909 |     19 |    105 |   1342 |   3 |  642.7 |
         Sewer |    396 |    396 |      0 |      0 |    167 |   1 |  396.0 |
               +--------+--------+--------+--------+--------+-----+--------+

Top non-repeatable levels by time:
     D:2: 766 daAuts
     D:1: 704 daAuts
     D:4: 457 daAuts
   Sewer: 396 daAuts
